Map: Port Aleksander LE

Players

dustin - Winner!

  • Race: Terran Terran
  • League: Platinum
  • Spawn Location: 5:00

imaKOREAN

  • Race: Zerg Zerg
  • League: Platinum
  • Spawn Location: 11:00

VOD

Have the link to the VOD?

Description

Double Drop Cyclone Base Snipe

Time

  • Played on: Nov. 24, 2018, 1:04 a.m.
  • Length: 14:58
Show
View Real Time Build Order
Export as new Build Order

dustin Terran - Winner!

Build Orders: Mech 

Get SALT Encoding   

  12  0:01  SCV  
  13  0:13  SCV  
  14  0:18  Supply Depot  
  14  0:25  SCV  
  15  0:40  SCV  
  15  0:42  Barracks  
  16  0:48  Refinery  
  16  0:52  SCV  
  18  1:04  SCV  
  18  1:16  SCV  
  19  1:34  Orbital Command  
  19  1:47  Command Center  
  19  1:51  Marine  
  20  2:02  SCV  
  20  2:07  Factory  
  21  2:13  Refinery  
  21  2:18  SCV  
  22  2:25  Marine  
  22  2:26  Supply Depot  
  23  2:47  Marine, SCV  
  25  2:52  Hellion  
  27  3:00  Starport  
  27  3:02  Orbital Command  
  27  3:09  Supply Depot, SCV  
  28  3:18  Factory Tech Lab  
  28  3:27  Marine  
  28  3:29  SCV x2  
  31  3:38  Cyclone  
  34  3:43  Viking  
  36  3:49  Supply Depot  
  36  3:52  Refinery  
  36  3:54  SCV  
  37  3:59  SCV  
  38  4:09  Marine  
  38  4:14  Supply Depot  
  38  4:15  Cyclone  
  42  4:17  Medivac  
  42  4:24  SCV x2  
  46  4:31  Refinery  
  46  4:34  Marine  
  47  4:40  Supply Depot  
  47  4:44  SCV x2  
  49  4:46  Supply Depot  
  49  4:54  Medivac, Cyclone  
  49  4:57  Mag-Field Accelerator  
  54  5:00  SCV  
  55  5:14  Marine  
  55  5:15  SCV x2  
  58  5:28  Cyclone  
  61  5:29  Liberator  
  61  5:30  Factory  
  61  5:31  Factory  
  61  5:47  Marine  
  61  5:48  SCV x2  
  67  5:54  Engineering Bay  
  67  5:55  Armory  
  67  6:13  Marine  
  68  6:21  Factory Tech Lab, Factory Reactor  
  68  6:24  Command Center  
  68  6:26  SCV x2  
  70  6:37  Supply Depot  
  70  6:40  Missile Turret, Supply Depot  
  70  6:41  Missile Turret  
  70  6:44  Siege Tank  
  70  6:45  Starport Reactor  
  70  6:46  SCV  
  74  6:50  Terran Vehicle Weapons Level 1  
  74  6:56  Siege Tank, SCV  
  78  7:19  Liberator  
  72  7:27  Siege Tank, Hellbat, Viking, SCV  
  72  7:28  SCV  
  79  7:33  Siege Tank  
  79  7:34  Hellbat  
  85  7:39  SCV  
  85  7:40  SCV  
  85  7:42  Armory  
  85  7:43  Orbital Command  
  87  7:50  Supply Depot  
  87  7:52  SCV  
  88  8:02  Siege Tank, Hellbat, SCV  
  88  8:04  SCV  
  95  8:13  SCV  
  95  8:15  SCV  
  95  8:16  Siege Tank, Hellbat, SCV  
  103  8:25  SCV  
  104  8:33  Hellbat, Viking  
  104  8:34  Siege Tank, Viking, SCV x2  
  114  8:36  Orbital Command  
  115  8:46  Liberator, Factory, SCV  
  115  8:47  Terran Vehicle And Ship Armor Level 1  
  116  9:02  Siege Tank, Hellbat  
  121  9:09  SCV  
  125  9:23  Refinery  
  125  9:26  Refinery, Missile Turret  
  125  9:27  Supply Depot  
  125  9:28  Supply Depot x2  
  125  9:30  SCV x3  
  125  9:31  Starport, Siege Tank, Hellbat  
  133  9:33  Sensor Tower  
  133  9:48  SCV  
  133  9:49  Thor, Hellion  
  133  9:51  Viking  
  133  9:52  SCV  
  145  10:02  Command Center  
  145  10:04  Supply Depot  
  145  10:05  Supply Depot  
  145  10:08  SCV x2  
  145  10:11  Terran Vehicle Weapons Level 2  
  145  10:13  Factory Tech Lab  
  147  10:14  Starport Tech Lab  
  147  10:19  Fusion Core, Hellbat  
  147  10:21  Liberator  
  149  10:27  Supply Depot  
  149  10:28  Supply Depot  
  149  10:38  Siege Tank, Hellbat, Viking  
  149  10:42  SCV x3  
  162  10:52  Supply Depot  
  138  10:57  Siege Tank, Hellbat x2  
  138  11:02  Liberator  
  116  11:10  Siege Tank  
  112  11:11  Hellbat  
  108  11:18  Siege Tank  
  108  11:19  Hellbat, Liberator  
  108  11:20  SCV x2  
  118  11:29  Siege Tank  
  121  11:36  Hellbat  
  126  11:42  Siege Tank, Hellbat, Terran Ship Weapons Level 1  
  126  11:43  Refinery  
  131  11:51  Hellbat  
  133  11:56  Liberator  
  133  12:00  Planetary Fortress  
  133  12:13  Siege Tank, Hellbat  
  133  12:14  Viking, SCV x2  
  133  12:15  SCV  
  146  12:30  Siege Tank  
  146  12:31  Hellbat  
  151  12:38  Siege Tank, Hellbat  
  151  12:39  SCV x2  
  151  12:43  Raven  
  157  12:46  Hellbat  
  157  12:49  Refinery  
  157  12:50  Infernal Pre-Igniter  
  159  12:52  Hellbat  
  158  13:00  Hellbat  
  158  13:03  Hellbat  
  162  13:07  Hellbat  
  162  13:11  Hellbat  
  166  13:16  Liberator  
  166  13:19  Hellbat, Viking  
  160  13:21  Hellbat  
  160  13:24  Siege Tank  
  141  13:28  Siege Tank  
  141  13:33  Siege Tank  
  151  13:34  SCV x2  
  151  13:40  Hellbat  
  154  13:46  Hellbat  
  156  13:53  Command Center  
  156  13:56  Siege Tank  
  156  14:00  Hellbat  
  161  14:04  Raven  
  161  14:05  Siege Tank  
  161  14:06  Hellbat, SCV x2  
  161  14:07  Hellbat  
  172  14:16  Viking  
  176  14:17  SCV x2  
  176  14:22  Siege Tank  
  179  14:27  Hellbat  
  179  14:30  Command Center  
  179  14:31  Missile Turret  
  183  14:51  Missile Turret  
Show
View Real Time Build Order
Export as new Build Order

imaKOREAN Zerg 

Build Orders: Pool First 

Get SALT Encoding   

  12  0:01  Drone  
  13  0:10  Drone  
  14  0:17  Overlord  
  14  0:36  Drone x3  
  17  0:51  Drone  
  17  0:53  Extractor  
  17  0:56  Spawning Pool  
  16  0:58  Drone  
  17  1:14  Drone  
  18  1:20  Drone  
  19  1:30  Hatchery  
  19  1:31  Drone  
  19  1:49  Drone  
  19  1:53  Drone  
  21  1:57  Extractor, Queen  
  23  2:02  Overlord  
  23  2:28  Drone x2  
  23  2:29  Hatchery  
  24  2:38  Metabolic Boost  
  24  2:42  Drone  
  24  2:43  Evolution Chamber, Drone  
  25  2:53  Queen  
  25  2:56  Drone  
  28  3:08  Drone x2  
  28  3:09  Drone x2  
  28  3:11  Drone  
  33  3:14  Drone  
  33  3:17  Zergling x2  
  35  3:23  Zerg Missile Weapons Level 1  
  35  3:31  Drone  
  35  3:34  Overlord x2  
  36  3:40  Queen  
  38  3:43  Extractor x2  
  38  4:06  Roach Warren, Spore Crawler  
  35  4:12  Queen  
  35  4:13  Drone x3  
  35  4:16  Queen  
  42  4:26  Spine Crawler  
  42  4:29  Drone x3  
  42  4:30  Drone x3  
  47  4:35  Extractor  
  47  4:37  Overlord x2  
  46  4:44  Drone x4  
  51  4:45  Drone x2  
  51  4:50  Lair  
  52  4:53  Roach x2  
  56  5:18  Extractor  
  56  5:20  Extractor  
  54  5:31  Roach x5  
  54  5:34  Drone x2  
  66  5:37  Overlord  
  66  5:38  Extractor, Overlord x4  
  66  5:39  Overlord  
  66  5:41  Spore Crawler  
  64  5:54  Drone x2  
  64  5:55  Overlord x2  
  66  5:58  Drone  
  66  5:59  Drone x2  
  66  6:01  Drone  
  66  6:02  Drone  
  71  6:06  Roach  
  71  6:10  Zerg Ground Armor Level 1  
  73  6:13  Glial Reconstitution  
  73  6:15  Roach  
  73  6:16  Roach x3  
  73  6:18  Drone x2  
  83  6:19  Drone  
  83  6:25  Drone  
  85  6:55  Roach x3  
  85  6:56  Roach x2  
  85  6:57  Roach x3  
  101  7:04  Drone x4  
  101  7:05  Drone  
  101  7:07  Roach  
  101  7:08  Roach  
  110  7:15  Hatchery  
  107  7:30  Hatchery  
  106  7:41  Extractor  
  105  7:49  Roach  
  105  7:50  Roach x5  
  117  7:52  Roach x3  
  117  7:54  Overlord x3  
  123  8:33  Roach x5  
  137  8:34  Roach x3  
  137  8:40  Drone  
  140  8:51  Lair  
  140  8:57  Roach  
  140  8:58  Roach x2  
  140  8:59  Roach  
  140  9:00  Roach x2  
  140  9:02  Roach  
  154  9:16  Roach x3  
  160  9:30  Overlord x3  
  160  9:31  Overlord x4  
  160  9:32  Overlord x2  
  160  9:33  Overlord  
  160  9:57  Roach x5  
  160  9:59  Roach x4  
  178  10:06  Hydralisk Den  
  177  10:07  Roach  
  177  10:08  Roach x2  
  177  10:09  Roach x4  
  177  10:12  Ravager x7  
  177  10:13  Ravager x2  
  200  10:33  Zerg Ground Armor Level 2  
  200  10:40  Evolution Chamber  
  64  11:18  Roach x3  
  64  11:19  Roach x5  
  64  11:21  Roach x6, Hydralisk x2  
  64  11:22  Hydralisk x6  
  64  11:24  Hydralisk  
  64  11:25  Zergling x8  
  109  11:26  Zergling x16  
  109  11:27  Zergling x4  
  120  11:40  Hydralisk x2  
  120  11:41  Roach x2, Hydralisk  
  130  11:52  Roach, Hydralisk  
  130  11:53  Roach  
  130  11:54  Roach, Zergling x4  
  138  11:55  Zergling x4  
  138  11:57  Zergling x4  
  144  12:06  Zerg Missile Weapons Level 2  
  126  12:47  Drone x2  
  126  12:48  Drone x2  
  126  12:57  Roach, Hydralisk  
  126  12:58  Roach x2, Hydralisk x2  
  132  12:59  Roach, Hydralisk x2  
  132  13:00  Roach x2  
  132  13:01  Roach x3  
  132  13:02  Zergling x12  
  87  13:29  Roach x2, Hydralisk x3  
  87  13:30  Roach  
  97  13:38  Drone x5  
  102  13:42  Drone x3  
  102  13:46  Drone  
  106  13:56  Drone x2  
  106  13:57  Roach  
  106  13:58  Roach  
  106  14:00  Roach  
  114  14:05  Ravager x3  
  114  14:08  Extractor  
  116  14:27  Hydralisk  
  116  14:28  Roach x3, Hydralisk  
  116  14:29  Roach x2  
  116  14:30  Roach, Zergling x4  
  116  14:31  Zergling x4  
Tags
 
Composition
Mech
Matchup
TvZ
Opening
Pool First
Spawn Locations
Cross Positions
Add a new tag
Caveats
  • Supply blocks, unpowered buildings, or Contaminate may cause inaccurate times.
  • Supply counts are checked every 10 seconds.